 Dungeon Crawl Stone Soup version 0.27-a0-1185-ga233589e6f (webtiles) character file.

Game seed: 1220215914133948627

154 Ijustatesigmund the Chopper (level 5, -3/48 HPs)
             Began as a Hill Orc Fighter on May 19, 2021.
             Splashed by Ijyb's acid (12 damage)
             ... on level 3 of the Dungeon.
             The game lasted 00:03:11 (1919 turns).

Ijustatesigmund the Chopper (Hill Orc Fighter)      Turns: 1919, Time: 00:03:12

Health: -3/48      AC:  2    Str: 19    XL:     5   Next: 36%
Magic:  5/5        EV:  7    Int:  8    God:
Gold:   113        SH:  9    Dex: 11    Spells: 4/4 levels left

rFire    . . .     SeeInvis .   g - +1 hand axe (vorpal)
rCold    . . .     Faith    .   c - +0 kite shield
rNeg     . . .     Spirit   .   b - +0 scale mail
rPois    .         Reflect  .   (no helmet)
rElec    .         Harm     .   (no cloak)
rCorr    .         Rampage  .   (no gloves)
Will     .....                  (no boots)
Stlth    ..........             (no amulet)
HPRegen  0.16/turn              (no ring)
MPRegen  0.09/turn              (no ring)

@: mighty, corroded
A: no striking features
a: no special abilities


You were on level 3 of the Dungeon.
You visited 1 branch of the dungeon, and saw 3 of its levels.

You collected 113 gold pieces.

Inventory:

Hand Weapons
 a - a +0 war axe
 g - a +1 vorpal hand axe (weapon)
Armour
 b - a +0 scale mail (worn)
 c - a +0 kite shield (worn)
Scrolls
 i - a scroll of magic mapping
Potions
 d - a potion of might
 e - a potion of resistance {unknown}
 f - 2 potions of curing
 h - a potion of mutation {unknown}


   Skills:
 + Level 5.0 Fighting
 * Level 5.8 Axes
 - Level 3.3 Armour
 - Level 3.4 Shields


You had 4 spell levels left.
You didn't know any spells.
Your spell library was empty.

Dungeon Overview and Level Annotations

Branches:
Dungeon (3/15)

Altars:

Annotations:
D:3 Ijyb


Message History

You kill the bat!
No target in view!
No target in view!
No target in view!
No target in view!
No target in view!
No target in view!
No target in view!
No target in view!
No target in view!
No target in view!
No target in view!
No target in view!
No target in view!
No target in view!
Found a robe.
Ijyb the Twisted Goblin comes into view.
She is wielding a +0 dagger and carrying a wand of acid (6).
Ijyb shouts!
Ijyb moves out of view.
Ijyb is nearby!
Okay, then.
Ijyb hits you with a +0 dagger.
You closely miss Ijyb. Ijyb closely misses you.
Ijyb zaps a wand.
The bolt of acid hits you! The acid corrodes you!
You are splashed with acid!
You are too injured to fight recklessly!
You are too injured to fight recklessly!
You are too injured to fight recklessly!
You are too injured to fight recklessly!
You are too injured to fight recklessly!
You are too injured to fight recklessly!
It was a potion of curing.
You feel better. Ijyb hits you with a +0 dagger.
Okay, then.
You feel very mighty all of a sudden. You block Ijyb's attack.
You hit Ijyb.
Ijyb is lightly wounded.
Ijyb zaps a wand.
The bolt of acid hits you!
* * * LOW HITPOINT WARNING * * *
You are splashed with acid!
You die... . #.###...# ##.## ##.#..#.# ##.# #....#.# #<.# ### #.####.# #.## #oo

#.# #.# #.# #.# #.# #.#
#.# #.# #.# #.# #.# #.#
.######.####.###.####.##
......g@.....##.........
.###...#.######..####.##
.....##.## #..# #.##
.... ## #..####... ...
#......... .# #.#######.
#.#######) #.......))
#########.


You could see Ijyb.

Vanquished Creatures
  A phantom (D:3)
  2 adders (D:2)
  2 worms (D:2)
  5 orcs (D:3)
  7 ball pythons
  An endoplasm (D:2)
  A giant cockroach (D:2)
  2 goblins
  4 hobgoblins
  7 jackals (D:1)
  3 quokkas
  4 bats
  3 kobolds
  3 rats
45 creatures vanquished.

Vanquished Creatures (others)
  A withered plant (D:2)
1 creature vanquished.

Grand Total: 46 creatures vanquished

Notes
Turn   | Place    | Note
-------+----------+-------------------------------------------
     0 | D:1      | Ijustatesigmund the Hill Orc Fighter began the quest for
                  | the Orb.
     0 | D:1      | Reached XP level 1. HP: 19/19 MP: 1/1
   195 | D:1      | Reached XP level 2. HP: 19/27 MP: 2/2
   579 | D:1      | Reached XP level 3. HP: 33/33 MP: 3/3
  1401 | D:2      | Reached XP level 4. HP: 36/41 MP: 4/4
  1498 | D:2      | Found a faded altar of an unknown god.
  1632 | D:3      | Noticed a phantom
  1652 | D:3      | Killed a phantom
  1653 | D:3      | Reached skill level 5 in Axes
  1653 | D:3      | Reached XP level 5. HP: 20/47 MP: 5/5
  1657 | D:3      | Reached skill level 5 in Fighting
  1912 | D:3      | Noticed Ijyb
  1919 | D:3      | Splashed by Ijyb's acid

Illustrated notes

Levels and vault maps discovered:
D:1:      sevenhm_arrival_forest_fort_large_4, layout_rooms
D:2:      layout_rooms, ebering_ecumenical_altar_petrified
D:3:      layout_loops_ring, uniq_purgy, uniq_ijyb

Skill      XL: |  1  2  3  4  5 |
---------------+----------------+-----
Axes           | 3 4 5 |  5.8
Fighting       | 4 5 |  5.0
Armour         | |  3.3
Shields        | |  3.4

Action                   |  1- 3 |  4- 6 || total
-------------------------+-------+-------++-------
Melee: War axe           |    88 |       ||    88
       Hand axe          |     8 |    46 ||    54
  Use: Scroll            |     1 |     1 ||     2
       Potion            |       |     2 ||     2
Armor: Scale mail        |    55 |    15 ||    70
Dodge: Dodged            |    34 |    16 ||    50
Block: Kite shield       |    61 |    23 ||    84

Table legend: (Time is in decaauts)
 A = Elapsed time spent in this place.
 B = Non-inter-level travel time spent in this place.
 C = Inter-level travel time spent in this place.
 D = Time resting spent in this place.
 E = Time spent auto-exploring this place.
 F = Levels seen in this place.
 G = Mean time per level.
                   A        B        C        D        E       F      G
               +--------+--------+--------+--------+--------+-----+--------+
         Total |   1984 |   1893 |     91 |    161 |   1417 |   3 |  661.3 |
       Dungeon |   1984 |   1893 |     91 |    161 |   1417 |   3 |  661.3 |
               +--------+--------+--------+--------+--------+-----+--------+

Top non-repeatable levels by time:
     D:1: 938 daAuts
     D:2: 751 daAuts
     D:3: 293 daAuts
